 Dungeon Crawl Stone Soup version 0.29.0-4-gdea44cf6ec (webtiles) character file.

Game seed: 9437430173700752320

21 qw the Caller (level 2, -1/23 HPs)
             Began as a Ghoul Summoner on Sept 10, 2022.
             Slain by a gnoll
             ... wielding a +0 flail
              (8 damage)
             ... on level 1 of the Dungeon.
             The game lasted 00:00:23 (735 turns).

qw the Caller (Ghoul Summoner)                       Turns: 735, Time: 00:00:24

Health: -1/23      AC:  2    Str: 11    XL:     2   Next: 87%
Magic:  0/3        EV: 12    Int: 10    God:
Gold:   10         SH:  0    Dex:  9    Spells: 3/4 levels left

rFire   . . .      SeeInvis .   m - +0 hand axe
rCold   + . .      Faith    .   (no shield)
rNeg    + + +      Spirit   .   a - +0 robe
rPois   inf        Reflect  .   (no helmet)
rElec   .          Harm     .   (no cloak)
rCorr   .          Rampage  .   (no gloves)
Will    .....                   (no boots)
Stlth   ++........              (no amulet)
HPRegen 0.00/turn               (no ring)
MPRegen 0.08/turn               (no ring)

@: inhibited regen
A: claws 1, cold resistance 1, negative energy resistance 3, inhibited
regeneration, torment resistance 2, devour on kill
a: no special abilities


You were on level 1 of the Dungeon.
You visited 1 branch of the dungeon, and saw 1 of its levels.

You collected 10 gold pieces.


Innate Abilities, Weirdness & Mutations

You are immune to poison.
You have sharp fingernails.
Your flesh is cold resistant. (rC+)
You are immune to negative energy. (rN+++)
You do not regenerate when monsters are visible.
You are immune to unholy pain and torment.
You thrive by killing the living.


   Skills:
 - Level 1.1 Fighting
 + Level 1.8 Axes
 - Level 1.7 Dodging
 - Level 2.1 Stealth
 - Level 1.7 Spellcasting
 - Level 3.6 Summonings


You had 3 spell levels left.
You knew the following spells:

 Your Spells              Type           Power      Damage    Failure   Level
a - Summon Small Mammal   Summ           32%        N/A       8%          1

Your spell library contained the following spells:

 Spells                   Type           Power      Damage    Failure   Level
 Call Imp                 Summ           8%         N/A       11%         2
 Call Canine Familiar     Summ           8%         N/A       22%         3
 Summon Guardian Golem    Hex/Summ       4%         N/A       43%         3
 Summon Lightning Spire   Summ/Air       4%         N/A       83%         4

Inventory:

Hand Weapons
 d - a +0 whip
 m - a +0 hand axe (weapon)
Armour
 a - a +0 robe (worn)
 i - a +0 ring mail
 j - a +2 hat
 k - a +0 pair of gloves
Scrolls
 c - a scroll of amnesia {unknown}
 e - a scroll of butterflies {unknown}
 g - a scroll of identify {unknown}
 h - a scroll of immolation {unknown}
 l - a scroll of teleportation {unknown}
Potions
 b - a potion of magic
 f - a potion of degeneration {unknown}

Dungeon Overview and Level Annotations

Branches:
Dungeon (1/15)

Altars:


Message History

Casting: Summon Small Mammal (safe; 8% risk of failure)
Confirm with . or Enter, or press ? or * to list all spells.
728 ||| CASTING Summon Small Mammal
Casting: Summon Small Mammal (safe; 8% risk of failure)
Confirm with . or Enter, or press ? or * to list all spells.
Your bat hits the gnoll.
729 ||| CASTING Summon Small Mammal
Casting: Summon Small Mammal (safe; 8% risk of failure)
Confirm with . or Enter, or press ? or * to list all spells.
Your rat disappears in a puff of smoke!
Your bat barely misses the gnoll.
The gnoll closely misses your bat.
Your bat barely misses the gnoll.
Your bat hits the gnoll but does no damage.
Your bat barely misses the gnoll. x2
Your bat hits the gnoll but does no damage.
You barely miss the gnoll.
The gnoll is lightly wounded.
Your bat hits the gnoll but does no damage. x3
Your bat closely misses the gnoll.
The gnoll hits you with a +0 flail!
You barely miss the gnoll.
The gnoll is lightly wounded.
Your bat hits the gnoll but does no damage.
Your bat barely misses the gnoll.
Your bat hits the gnoll.
Your bat barely misses the gnoll.
The gnoll hits you with a +0 flail!
Your bat hits the gnoll but does no damage.
You hit the gnoll.
The gnoll is moderately wounded.
Your bat hits the gnoll but does no damage.
Your bat barely misses the gnoll.
Your bat closely misses the gnoll.
The gnoll barely misses your bat.
You barely miss the gnoll.
The gnoll is moderately wounded.
Your bat hits the gnoll but does no damage. x2
The gnoll hits your bat with a +0 flail!
Your bat dies!
Your bat's corpse disappears in a puff of smoke!
Your bat hits the gnoll.
The gnoll shouts!
The gnoll hits you with a +0 flail!
You die...

......#....#.###
......######.#
........####.#
.............# ######
......(......# #....#
.............###....#
#####.........##.b.!#
#......#....¤g!.#
#...^.....##@#
#..)......##.##
####..........##
####.....:#....#
#......#####...##
#......# ###..####
#......# #.>...#
#......# #####.###.#
#......###.....# #


You could see a gnoll (ally target) and a friendly bat (summoned).

Vanquished Creatures
  3 goblins (D:1)
  A hobgoblin (D:1)
  2 ball pythons (D:1)
  2 frilled lizards (D:1)
  3 kobolds (D:1)
  2 rats (D:1)
13 creatures vanquished.

Vanquished Creatures (collateral kills)
  A ball python (D:1)
  A bat (D:1)
  An endoplasm (D:1)
  3 frilled lizards (D:1)
  A goblin (D:1)
  3 kobolds (D:1)
10 creatures vanquished.

Grand Total: 23 creatures vanquished

Notes
Turn   | Place    | Note
-------+----------+-------------------------------------------
     0 | D:1      | qw the Ghoul Summoner began the quest for the Orb.
     0 | D:1      | Reached XP level 1. HP: 14/14 MP: 2/2
     0 | D:1      | 0 ||| qw: Version: 0.1-a-116-g5d60599
     0 | D:1      | 0 ||| qw: Game counter: 7499
     0 | D:1      | 0 ||| qw: Always use a shield: true
     0 | D:1      | 0 ||| qw: God list: Okawaru
     0 | D:1      | 0 ||| qw: Allow faded altars: false
     0 | D:1      | 0 ||| qw: Do Orc after D:15 true
     0 | D:1      | 0 ||| qw: Do second Lair branch before Depths: true
     0 | D:1      | 0 ||| qw: Lair rune preference: random
     0 | D:1      | 0 ||| qw: Plans: Normal
     0 | D:1      | 0 ||| PLANNING D:1-11
     4 | D:1      | 4 ||| CASTING Summon Small Mammal
     5 | D:1      | 5 ||| CASTING Summon Small Mammal
    87 | D:1      | 87 ||| CASTING Summon Small Mammal
    88 | D:1      | 88 ||| CASTING Summon Small Mammal
   113 | D:1      | 113 ||| Wielding weapon +0 dagger.
   119 | D:1      | 119 ||| SWAPPING to +0 spear.
   120 | D:1      | 120 ||| DROPPING +0 dagger.
   152 | D:1      | 152 ||| CASTING Summon Small Mammal
   153 | D:1      | 153 ||| CASTING Summon Small Mammal
   192 | D:1      | 192 ||| CASTING Summon Small Mammal
   193 | D:1      | 193 ||| CASTING Summon Small Mammal
   219 | D:1      | 219 ||| CASTING Summon Small Mammal
   220 | D:1      | 220 ||| CASTING Summon Small Mammal
   227 | D:1      | Reached skill level 1 in Axes
   231 | D:1      | 231 ||| CASTING Summon Small Mammal
   260 | D:1      | 260 ||| CASTING Summon Small Mammal
   261 | D:1      | 261 ||| CASTING Summon Small Mammal
   272 | D:1      | 272 ||| CASTING Summon Small Mammal
   274 | D:1      | Reached XP level 2. HP: 20/22 MP: 0/3
   329 | D:1      | 329 ||| CASTING Summon Small Mammal
   330 | D:1      | 330 ||| CASTING Summon Small Mammal
   331 | D:1      | 331 ||| CASTING Summon Small Mammal
   336 | D:1      | Reached skill level 1 in Fighting
   341 | D:1      | 341 ||| CASTING Summon Small Mammal
   414 | D:1      | 414 ||| CASTING Summon Small Mammal
   415 | D:1      | 415 ||| CASTING Summon Small Mammal
   416 | D:1      | 416 ||| CASTING Summon Small Mammal
   473 | D:1      | 473 ||| CASTING Summon Small Mammal
   474 | D:1      | 474 ||| Stepping ~*~*~tactically~*~*~ (stealth).
   475 | D:1      | 475 ||| Stepping ~*~*~tactically~*~*~ (stealth).
   478 | D:1      | 478 ||| CASTING Summon Small Mammal
   479 | D:1      | 479 ||| CASTING Summon Small Mammal
   485 | D:1      | 485 ||| CASTING Summon Small Mammal
   565 | D:1      | 565 ||| CASTING Summon Small Mammal
   566 | D:1      | 566 ||| CASTING Summon Small Mammal
   567 | D:1      | 567 ||| CASTING Summon Small Mammal
   606 | D:1      | 606 ||| SWAPPING to +0 hand axe.
   607 | D:1      | 607 ||| DROPPING +0 spear.
   627 | D:1      | 627 ||| CASTING Summon Small Mammal
   628 | D:1      | 628 ||| CASTING Summon Small Mammal
   629 | D:1      | 629 ||| CASTING Summon Small Mammal
   678 | D:1      | 678 ||| CASTING Summon Small Mammal
   693 | D:1      | 693 ||| CASTING Summon Small Mammal
   694 | D:1      | 694 ||| CASTING Summon Small Mammal
   727 | D:1      | 727 ||| CASTING Summon Small Mammal
   728 | D:1      | 728 ||| CASTING Summon Small Mammal
   729 | D:1      | 729 ||| CASTING Summon Small Mammal
   735 | D:1      | Slain by a gnoll

Levels and vault maps discovered:
D:1:      mrwooster_arrival_statue, layout_basic

Skill      XL: |  1  2 |
---------------+-------+-----
Axes           | 1 |  1.8
Fighting       | 1 |  1.1
Dodging        | |  1.7
Stealth        | |  2.1
Spellcasting   | |  1.7
Summonings     | |  3.6

Action                   || total
-------------------------++-------
Melee: Spear             ||    40
       Unarmed           ||     5
       Hand axe          ||    14
 Cast: Summon Small Mamm ||    36
Armor: Robe              ||     8
Dodge: Dodged            ||    26

Table legend:
 A = Non-vault XP
 B = Vault XP
 C = Vault XP percentage of total XP
 D = Non-vault monster count
 E = Vault monster count
 F = Vault count percentage of total count
                 A         B        C        D         E       F
            +---------+---------+-------+---------+---------+-------
      Total |      31 |       0 |   0.0 |      23 |       0 |   0.0
            +---------+---------+-------+---------+---------+-------
        D:1 |      31 |       0 |   0.0 |      23 |       0 |   0.0
            +---------+---------+-------+---------+---------+-------
